Map: Überwucherte Anlage

Players

RiseAgainst

  • Race: Terran Terran
  • League: Diamond
  • Spawn Location: 3:00

Panda

  • Race: Zerg Zerg
  • League: Platinum
  • Spawn Location: 1:00

tunay - Winner!

  • Race: Terran Terran
  • League: Diamond
  • Spawn Location: 9:00

Aytaç - Winner!

  • Race: Terran Terran
  • Spawn Location: 7:00

VOD

Have the link to the VOD?

Description

Time

  • Played on: Aug. 31, 2017, 12:50 p.m.
  • Length: 4:56
Show
View Real Time Build Order
Export as new Build Order

RiseAgainst Terran 

Build Orders: Reaper Expand 

Get SALT Encoding   

  12  0:00  SCV  
  13  0:12  SCV  
  14  0:18  Supply Depot  
  14  0:25  SCV  
  15  0:39  SCV  
  15  0:41  Barracks  
  16  0:46  Refinery  
  16  0:51  SCV  
  17  1:03  SCV  
  18  1:15  SCV  
  19  1:29  Reaper  
  19  1:31  Orbital Command  
  20  1:44  Command Center  
  20  1:54  Supply Depot  
  20  1:57  SCV  
  21  2:02  Marine  
  22  2:09  Factory  
  22  2:11  SCV  
  23  2:16  Refinery  
  23  2:19  Marine  
  24  2:23  SCV  
  25  2:35  SCV  
  26  2:42  Marine  
  27  2:47  SCV  
  28  2:58  Orbital Command  
  28  2:59  Factory Tech Lab, SCV  
  28  3:00  Marine  
  30  3:11  Starport  
  30  3:19  Barracks Tech Lab  
  29  3:20  SCV  
  30  3:29  Siege Tank  
  30  3:30  SCV  
  30  3:32  SCV  
  35  3:40  Barracks  
  35  3:41  Barracks  
  35  3:42  Supply Depot, SCV  
  35  3:43  Marine  
  37  3:50  SCV  
  37  3:55  SCV  
  39  3:59  Refinery  
  39  4:02  Siege Tank  
  42  4:03  SCV  
  43  4:16  SCV, Marauder  
  47  4:17  SCV  
  47  4:22  Medivac  
  49  4:34  SCV  
Show
View Real Time Build Order
Export as new Build Order

Panda Zerg 

Build Orders: Hatch First 

Get SALT Encoding   

  12  0:02  Drone  
  13  0:15  Overlord  
  13  0:39  Drone x3  
  16  0:59  Drone  
  16  1:01  Hatchery  
  16  1:11  Extractor  
  16  1:14  Drone  
  16  1:15  Drone  
  17  1:20  Spawning Pool  
  17  1:24  Drone  
  17  1:33  Drone  
  18  1:44  Drone  
  19  1:57  Drone  
  20  2:06  Drone  
  21  2:11  Queen, Extractor  
  21  2:12  Queen  
  21  2:14  Overlord  
  24  2:23  Drone  
  24  2:29  Drone x2  
  27  2:34  Drone  
  28  2:41  Metabolic Boost  
  28  2:46  Drone  
  28  2:48  Drone  
  30  2:56  Overlord  
  30  3:01  Drone  
  30  3:02  Drone  
  32  3:07  Drone  
  33  3:13  Roach Warren  
  33  3:14  Queen  
  34  3:24  Lair  
  34  3:26  Drone x2  
  34  3:27  Drone  
  37  3:28  Drone  
  37  3:30  Drone  
  39  3:42  Overlord x2  
  39  3:50  Extractor x2  
  37  4:01  Zergling x4  
  39  4:07  Roach x6  
  39  4:08  Overlord  
  50  4:26  Roach x2  
Show
View Real Time Build Order
Export as new Build Order

tunay Terran - Winner!

Build Orders: Cyclone Opening 

Get SALT Encoding   

  12  0:01  SCV  
  13  0:13  SCV  
  14  0:18  Supply Depot  
  14  0:25  SCV  
  15  0:36  Refinery  
  15  0:40  SCV  
  16  0:46  Barracks  
  16  0:57  SCV  
  17  1:06  Refinery  
  17  1:09  SCV  
  18  1:22  SCV  
  19  1:34  Factory  
  19  1:38  Orbital Command  
  19  1:46  Supply Depot  
  19  1:50  Barracks Reactor  
  19  2:04  SCV  
  20  2:18  Cyclone  
  23  2:23  Factory  
  23  2:27  SCV  
  24  2:36  Supply Depot  
  24  2:43  SCV  
  25  3:01  Cyclone, Barracks Tech Lab  
  25  3:02  Cyclone  
  31  3:26  Supply Depot  
  31  3:28  Cyclone  
  31  3:33  Hellion  
  38  3:34  Hellion  
  38  3:54  Hellion  
  38  3:55  Supply Depot, Hellion  
  42  4:00  Cyclone  
  45  4:04  SCV  
  45  4:05  Engineering Bay  
  46  4:16  Cyclone  
Show
View Real Time Build Order
Export as new Build Order

Aytaç Terran - Winner!

Build Orders: Cyclone Opening 

Get SALT Encoding   

  12  0:01  SCV  
  13  0:15  SCV  
  14  0:27  Supply Depot  
  14  0:28  SCV  
  15  0:37  Refinery  
  15  0:50  Barracks, SCV  
  16  1:03  SCV  
  17  1:15  SCV  
  17  1:18  Refinery  
  18  1:37  Marine  
  19  1:40  Supply Depot  
  19  1:42  Orbital Command  
  19  1:48  Factory  
  19  1:58  Marine  
  20  2:09  Factory, SCV  
  21  2:19  Marine  
  21  2:22  SCV  
  23  2:47  Marine  
  23  2:49  Cyclone  
  27  2:59  Factory Reactor  
  27  3:05  Marine  
  27  3:11  Supply Depot  
  28  3:29  Hellion  
  28  3:31  Barracks Tech Lab  
  30  3:35  Cyclone  
  30  3:36  Cyclone  
  36  3:56  Marauder  
  36  3:58  Hellion  
  36  4:02  Supply Depot, SCV  
  41  4:08  Cyclone  
  41  4:09  Hellion  
  46  4:14  SCV  
Tags
 
Add a new tag
Caveats
  • Supply blocks, unpowered buildings, or Contaminate may cause inaccurate times.
  • Supply counts are checked every 10 seconds.